 Dungeon Crawl Stone Soup version 0.15.2 (webtiles) character file.

211 Heini the Covered (level 5, -9/48 HPs)
             Began as a Minotaur Fighter on Mar 1, 2015.
             Killed from afar by an orc wizard (10 damage)
             ... with a puff of flame
             ... on Level 4 of the Dungeon.
             The game lasted 00:03:36 (2254 turns).

Heini the Covered (Minotaur Fighter)                Turns: 2254, Time: 00:03:38

HP  -9/48        AC  7     Str 22      XL: 5   Next: 57%
MP   2/2         EV  7     Int  5      God:
Gold 126         SH  9     Dex  9      Spells:  0 memorised,  4 levels left

rFire  . . .     SeeInvis .     a - +1 flail
rCold  . . .     Clarity  .     b - +0 scale mail
rNeg   . . .     rCorr    .     c - +0 shield
rPois  .         rRot     .     (helmet restricted)
rElec  .         Spirit   .     (no cloak)
SustAb .         Warding  .     (no gloves)
rMut   .         Stasis   .     (no boots)
Gourm  .                        (no amulet)
MR     .....                    (no ring)
                                (no ring)

@: not resistant to hostile enchantments, extremely unstealthy
A: retaliatory headbutt, horns 2
a: no special abilities


You were on level 4 of the Dungeon.
You were not hungry.

You visited 1 branch of the dungeon, and saw 4 of its levels.

You collected 126 gold pieces.

Inventory:

Hand weapons
 a - a +1 flail (weapon)
Armour
 b - a +0 scale mail (worn)
 c - a +0 shield (worn)
Comestibles
 d - 4 bread rations
 h - a beef jerky
 m - 2 chunks of worker ant flesh
 q - a slice of pizza
Scrolls
 l - a scroll of enchant weapon
 o - a scroll of teleportation
Potions
 e - a potion of might
 g - a potion of heal wounds
 i - a potion of brilliance {unknown}
 j - 4 potions of curing {unknown}
 k - a potion of magic
 p - a potion of flight


   Skills:
 * Level 5.2 Fighting
 * Level 4.0 Maces & Flails
 * Level 5.7 Armour
 - Level 3.6 Shields


You had 4 spell levels left.
You didn't know any spells.

Dungeon Overview and Level Annotations

Branches:
Dungeon (4/15)
 Temple: D:4-7

Altars:
Kikubaaqudgha
Qazlal
Trog


Innate Abilities, Weirdness & Mutations

You reflexively headbutt those who attack you in melee.
You have a pair of horns on your head.


Message History

The orc priest is lightly wounded.
The orc priest mumbles some strange prayers to Beogh against you.
Something smites you! The orc completely misses you.
You closely miss the orc priest.
The orc priest is lightly wounded.
The orc priest invokes the aid of Beogh against you.
Something smites you!
* * * LOW HITPOINT WARNING * * *
You are too injured to fight recklessly!
Unknown command.
You are too injured to fight recklessly!
You are too injured to fight recklessly!
You are too injured to fight recklessly!
You hit the orc priest. You headbutt the orc priest.
The orc priest is moderately wounded.
The orc priest hits you with a short sword.
* * * LOW HITPOINT WARNING * * *
You hear some strange, mumbled words.
The puff of flame hits you!
You die...

# # #####.# ####..#<..#.#
.>............ .
####..###.###
...############..#..%..#
#$.....oo................
.#####%@%...###..#.#.#.#
..................#...#.#
.#####......####.#####.#
###.................#
#........####.#######
#.........)....)....#
#.......(####.......#
#........# #.......#
........# #.......#


You could see an orc priest and an orc.

Vanquished Creatures
  A gnoll shaman (D:4)
  A worker ant (D:4)
  5 gnolls (D:4)
  5 adders
  2 worms
  2 giant geckos
  An ooze (D:1)
  6 giant cockroaches
  7 goblins
  6 hobgoblins
  8 bats
  3 giant newts
  3 kobolds
  9 rats
59 creatures vanquished.

Notes
Turn   | Place    | Note
--------------------------------------------------------------
     0 | D:1      | Heini, the Minotaur Fighter, began the quest for the Orb.
     0 | D:1      | Reached XP level 1. HP: 19/19 MP: 1/1
   113 | D:1      | Reached XP level 2. HP: 22/27 MP: 1/1
   121 | D:1      | Reached skill level 4 in Armour
   773 | D:1      | Found an ancient bone altar of Kikubaaqudgha.
   891 | D:2      | Found a bloodstained altar of Trog.
   956 | D:2      | Reached XP level 3. HP: 28/33 MP: 2/2
   960 | D:2      | Found a stormy altar of Qazlal.
  1534 | D:3      | Reached XP level 4. HP: 41/41 MP: 2/2
  1535 | D:3      | Reached skill level 5 in Armour
  2230 | D:4      | Reached XP level 5. HP: 44/47 MP: 2/2
  2234 | D:4      | Reached skill level 5 in Fighting
  2254 | D:4      | HP: 1/48 [orc priest/short sword (2)]
  2254 | D:4      | Killed from afar by an orc wizard

Action                   |  1- 3 |  4- 6 || total
-------------------------+-------+-------++-------
Melee: Flail             |    88 |    51 ||   139
  Use: Scroll            |     6 |     2 ||     8
  Eat: Chunk             |     2 |     2 ||     4
